AoeStats
← TanJojoMojo

MegaRandom

508676639Analyzed
4v4 RM · 10d ago on Sep 23, 2026· 46m 55s· 8 players
Game mode
Random Map
Map size
Large (8 player)
Population
200
Speed
Normal
Resources
Standard
Victory
Conquest
Starting age
Dark Age
Ending age
Imperial Age
RankedLock teamsTeams togetherTeam positionsShared explorationLock speedFull tech treeHidden civsTurbo modeCheats
Victory
Defeat
🇫🇷 Franks · France
1071
+15
🇬🇧 Magyars · United Kingdom
1070
+15
🇻🇳 Varangians · Vietnam
1031
+17
1011
+18
🇪🇸 Persians · Spain
1075
-17
🇦🇷 Vikings · Argentina
1044
-16
🇨🇴 Ethiopians · Colombia
1040
-16
🇲🇦 Cumans · Morocco
1037
-16
Bukele
9:46 Loom
11:32 Feudal Age
13:08 Double-Bit Axe
15:25 Castle Age
15:29 Crossbowman
25:33 Fletching
27:56 Bodkin Arrow
31:13 Gold Mining
32:16 Padded Archer Armor
33:38 Horse Collar
39:05 Imperial Age
38:23 Bow Saw
39:17 Ballistics
40:04 Leather Archer Armor
40:18 Stone Mining
42:56 Chemistry
41:21 Arbalester
42:41 Bracer
43:14 Town Watch
44:09 Conscription
44:45 Capped Ram
44:59 Elite Skirmisher
julianSD7
6:55 Loom
9:48 Feudal Age
10:20 Double-Bit Axe
10:23 Man-at-Arms
12:24 Scale Mail Armor
12:36 Arson
12:48 Town Watch
13:37 Forging
16:55 Wheelbarrow
16:21 Fletching
17:32 Padded Archer Armor
23:51 Castle Age
24:14 Long Swordsman
24:55 Squires
24:56 Bodkin Arrow
25:21 Leather Archer Armor
24:27 Crossbowman
25:55 Ballistics
28:45 Chain Mail Armor
34:16 Thumb Ring
36:45 Hand Cart
37:22 Town Patrol
39:22 Iron Casting
45:04 Imperial Age
44:57 Bow Saw
44:29 Horse Collar
44:40 Gold Mining
44:41 Stone Mining
44:58 Scale Barding Armor
44:50 Murder Holes
45:49 Heavy Plow
46:33 Gold Shaft Mining
46:33 Stone Shaft Mining
47:03 Chemistry
46:18 Siege Engineers
45:47 Arbalester
47:24 Bracer
47:54 Ring Archer Armor
KingTeOTep
6:10 Loom
10:35 Feudal Age
20:50 Wheelbarrow
23:28 Castle Age
22:16 Horse Collar
22:26 Double-Bit Axe
29:34 Bloodlines
30:58 Fervor
32:59 Sanctity
39:42 Scale Barding Armor
39:48 Forging
41:02 Fletching
42:44 Gold Mining
42:45 Stone Mining
44:43 Chain Barding Armor
TanJojoMojo
2:53 Loom
10:47 Feudal Age
11:26 Double-Bit Axe
22:13 Horse Collar
24:40 Wheelbarrow
28:47 Castle Age
26:58 Stone Mining
31:05 Bow Saw
32:04 Gold Mining
32:17 Heavy Plow
38:55 Imperial Age
37:24 Hand Cart
37:55 Hand Cart
37:47 Town Watch
40:36 Bloodlines
41:39 Hoardings
Platypus
5:16 Loom
11:20 Feudal Age
12:07 Man-at-Arms
17:52 Scale Mail Armor
19:57 Bloodlines
20:48 Scale Barding Armor
24:18 Castle Age
22:29 Double-Bit Axe
29:46 Fletching
El-Ziston
8:02 Loom
9:54 Feudal Age
16:40 Castle Age
27:25 Man-at-Arms
27:51 Gambesons
28:07 Squires
29:09 Long Swordsman
40:20 Forging
40:16 Scale Barding Armor
43:17 Husbandry
45:48 Iron Casting
45:33 Chain Barding Armor
48:54 Imperial Age
瘦死的骆驼比马大
12:25 Feudal Age
12:25 Loom
16:13 Double-Bit Axe
18:00 Town Watch
19:03 Fletching
19:14 Padded Archer Armor
24:43 Castle Age
24:42 Horse Collar
32:52 Thumb Ring
39:32 Imperial Age
38:53 Crossbowman
43:33 Bow Saw
44:35 Wheelbarrow
45:23 Arbalester
46:32 Conscription
47:55 Chemistry
47:15 Ballistics
phamhaianh2109
11:18 Feudal Age
16:53 Castle Age
29:48 Horse Collar
34:15 Imperial Age
32:32 Double-Bit Axe
33:44 Forging
35:24 Conscription
37:29 Wheelbarrow
40:08 Iron Casting
39:33 Stone Mining
41:57 Elite Jarl
44:24 Fletching
44:41 Scale Barding Armor
Connection lost

Rejoining the realm…

Still unreachable

The connection could not be restored.

Session expired

The server has moved on; the page needs a fresh start.